AoeStats
← xXAngry_AlmanXx

Arena

504598420Analyzed
1v1 RM · 27d ago on Sep 5, 2026· 39m 51s· 2 players
Game mode
Random Map
Map size
Tiny (2 player)
Population
200
Speed
Normal
Resources
Standard
Victory
Conquest
Starting age
Dark Age
Ending age
Imperial Age
RankedLock teamsTeams togetherTeam positionsShared explorationLock speedFull tech treeHidden civsTurbo modeCheats
Victory
Defeat
🇨🇴 Lithuanians · Colombia
1022
+17
🇩🇪 Spanish · Germany
1050
-43
codemikel
5:27 Loom
6:37 Loom
7:24 Loom
10:37 Feudal Age
15:01 Castle Age
13:25 Fletching
13:47 Stone Mining
14:08 Horse Collar
16:35 Loom
19:41 Loom
31:11 Wheelbarrow
xXAngry_AlmanXx
10:43 Feudal Age
15:22 Castle Age
14:09 Loom
14:16 Double-Bit Axe
Connection lost

Rejoining the realm…

Still unreachable

The connection could not be restored.

Session expired

The server has moved on; the page needs a fresh start.